 Dungeon Crawl Stone Soup version 0.17.2-1-ge4368a0 (webtiles) character file.

2775 Ladykiller69 the Cleaver (level 10, -8/79 HPs)
             Began as a Formicid Fighter on Sept 18, 2016.
             Was a Believer of Cheibriados.
             Mangled by a cyclops (11 damage)
             ... on level 15 of the Dungeon.
             The game lasted 00:21:23 (8111 turns).

Ladykiller69 the Cleaver (Formicid Fighter)         Turns: 8111, Time: 00:21:23

Health: -8/79      AC:  9    Str: 29    XL:     10   Next: 1%
Magic:  10/10      EV:  9    Int: 11    God:    Cheibriados [**....]
Gold:   442        SH: 12    Dex: 14    Spells: 0 memorised, 9 levels left

rFire  . . .     SeeInvis +     a - +0 war axe
rCold  . . .     Clarity  .     b - +0 scale mail
rNeg   . . .     SustAt   .     c - +0 shield
rPois  .         Gourm    .     (helmet unavailable)
rElec  .         Spirit   .     (no cloak)
rCorr  .         Warding  .     (no gloves)
rMut   .         Stasis   +     m - +0 pair of boots
MR     +....                    (no amulet)
Stlth  ..........               (no ring)
                                (no ring)

@: very slow, somewhat resistant to hostile enchantments, extremely unstealthy
A: permanent stasis, dig shafts and tunnels, four strong arms, antennae 3
a: Dig, Shaft Self, Bend Time, Renounce Religion


You were on level 15 of the Dungeon.
You worshipped Cheibriados.
Cheibriados was pleased with you.
You were hungry.

You visited 3 branches of the dungeon, and saw 13 of its levels.

You collected 442 gold pieces.

Inventory:

Hand Weapons
 a - a +0 war axe (weapon)
Missiles
 w - 7 tomahawks (quivered)
Armour
 b - a +0 scale mail (worn)
 c - a +0 shield (worn)
 m - a +0 pair of boots (worn)
 S - a +0 plate armour
Jewellery
 o - an uncursed ring of stealth {unknown}
 A - an uncursed amulet of warding {unknown}
 L - an uncursed ring of protection from magic {unknown}
 M - an uncursed amulet of regeneration {unknown}
Wands
 r - a wand of magic darts (30)
 y - a wand of draining (4)
 E - a wand of lightning (7)
 I - a wand of disintegration (18)
 J - a wand of confusion (19)
Scrolls
 j - a scroll of fog {unknown}
 l - 3 scrolls of enchant weapon {unknown}
 n - a scroll of fear {unknown}
 q - 5 scrolls of identify {unknown}
 s - a scroll of enchant armour {unknown}
 t - a scroll of noise {unknown}
 x - 3 scrolls of random uselessness {unknown}
 B - a scroll of magic mapping {unknown}
 D - a scroll of amnesia {unknown}
 F - 5 scrolls of remove curse {unknown}
 G - 2 scrolls of teleportation {unknown}
 H - a scroll of immolation {unknown}
 K - a scroll of blinking {unknown}
Potions
 d - 2 potions of might
 f - a potion of flight {unknown}
 g - a potion of magic {unknown}
 h - a potion of heal wounds
 i - a potion of degeneration {unknown}
 k - 2 potions of lignification {unknown}
 p - a potion of agility {unknown}
 v - a potion of berserk rage {unknown}
 z - 2 potions of brilliance {unknown}
 C - a potion of invisibility {unknown}
 N - 2 potions of cure mutation {unknown}
 O - 2 potions of haste {unknown}
 Q - a potion of curing
Comestibles
 e - 6 bread rations
 u - 2 fruits
 P - 3 meat rations


   Skills:
 - Level 7.1 Fighting
 * Level 8.7 Axes
 - Level 7.0 Armour
 + Level 7.8 Shields


You had 9 spell levels left.
You didn't know any spells.

Dungeon Overview and Level Annotations

Branches:
Dungeon (15/15)            Temple (1/1) D:5             Orc (1/4) D:11
   Lair: D:8-11      Vaults: D:13-14     Depths: D:15

Altars:
Ashenzari
Cheibriados
Elyvilon
Fedhas
Gozag
Kikubaaqudgha
Makhleb
Nemelex Xobeh
Okawaru
Qazlal
Ru
Sif Muna
Trog
Xom
Yredelemnul
Zin
The Shining One

Shops:
D:4 *

Annotations:
D:11 1 runed door, Snorg


Innate Abilities, Weirdness & Mutations

You are under a permanent stasis effect.
You can dig through walls and to a lower floor.
Your four strong arms can wield two-handed weapons with a shield.
You have a pair of large antennae on your head (SInv).


Message History

You see here an arrow.
You dig through the rock wall.
The centaur warrior shoots an arrow.
The arrow hits you!
* * * LOW HITPOINT WARNING * * *
You hear a shout!
You see here an arrow.
You dig through the rock wall.
The centaur warrior shoots an arrow.
You block the arrow.
The cyclops throws a large rock.
You block the large rock.
Things that are here:
a large rock; an arrow You retract your mandibles.
The hill giant shouts!
The centaur warrior shoots an arrow.
You block the arrow.
The cyclops throws a large rock.
You block the large rock.
The centaur warrior shoots an arrow.
The arrow hits you!
* * * LOW HITPOINT WARNING * * *
Things that are here:
a large rock; 2 arrows The centaur warrior shoots an arrow.
You block the arrow. The cyclops hits you!
You die...

##..# ####
##...## #....
##.....##.....
##.............
##..............
#............#
##..........#
#......C..###
.......@.#(##
.....C.(###.#
......##(#.##
.....# ##(#(#
....#
##c#....... ...#
#......... ..#
.......... .#
..{.....###
...{....##


You could see a hill giant, a centaur warrior and a cyclops.

Vanquished Creatures
  The ghost of Goblin1989 the Covert, a novice VSAs (D:5)
  Grinder (D:4)
  2 orc warriors
  3 ogres
  A black bear (D:6)
  A necrophage (D:6)
  2 centaurs
  4 giant frogs
  A scorpion (D:6)
  4 killer bees (D:7)
  A water moccasin skeleton (D:6)
  3 wights (D:7)
  2 crimson imps
  A giant frog zombie (D:5)
  A quasit (D:7)
  4 orc priests
  2 iguanas (D:4)
  3 iron imps (D:6)
  3 worker ants
  Terence (D:3)
  2 giant frog skeletons (D:6)
  2 orc wizards
  A hound skeleton (D:6)
  A hound zombie (D:6)
  A worker ant zombie (D:6)
  4 gnolls (D:3)
  11 adders
  2 shadow imps
  An adder skeleton (D:4)
  An adder zombie (D:4)
  3 worms
  2 giant geckos
  19 orcs
  6 bats
  5 giant cockroaches
  5 goblins
  7 hobgoblins
  6 jackals
  A quokka (D:3)
  A ball python (D:3)
  9 giant newts
  8 kobolds
  2 quokka skeletons
  6 rats
147 creatures vanquished.

Notes
Turn   | Place    | Note
--------------------------------------------------------------
     0 | D:1      | Ladykiller69 the Formicid Fighter began the quest for the Orb.
     0 | D:1      | Reached XP level 1. HP: 18/18 MP: 1/1
   162 | D:1      | Reached XP level 2. HP: 24/24 MP: 2/2
   782 | D:2      | Reached XP level 3. HP: 29/29 MP: 3/3
  1581 | D:3      | Reached skill level 4 in Shields
  1606 | D:3      | Reached XP level 4. HP: 29/37 MP: 4/4
  1904 | D:3      | Reached XP level 5. HP: 23/42 MP: 5/5
  2347 | D:3      | Noticed Terence
  2374 | D:3      | Killed Terence
  2584 | D:3      | Reached XP level 6. HP: 46/48 MP: 6/6
  2843 | D:4      | Found a sparkling altar of Nemelex Xobeh.
  3068 | D:4      | Noticed Grinder
  3212 | D:4      | Found Isarite's Assorted Antiques.
  3249 | D:4      | Noticed an orc warrior
  3252 | D:4      | You fall through a shaft for 3 floors!
  3339 | D:7      | Reached skill level 5 in Shields
  3835 | D:6      | Reached XP level 7. HP: 49/55 MP: 7/7
  3858 | D:5      | Entered Level 5 of the Dungeon
  3863 | D:5      | Noticed Goblin1989's ghost (novice VSAs)
  3892 | D:5      | Killed Goblin1989's ghost
  3892 | D:5      | Reached skill level 5 in Fighting
  3892 | D:5      | Reached skill level 5 in Axes
  3999 | D:5      | Reached skill level 5 in Armour
  3999 | D:5      | Reached XP level 8. HP: 55/62 MP: 8/8
  4522 | D:4      | Found a deep blue altar of Sif Muna.
  4522 | D:4      | Found a shattered altar of Ashenzari.
  4657 | D:4      | Killed an orc warrior
  4669 | D:4      | Reached skill level 6 in Axes
  4691 | D:4      | You fall through a shaft for 3 floors!
  4936 | D:4      | Killed Grinder
  5411 | D:5      | Found a staircase to the Ecumenical Temple.
  5421 | Temple   | Entered the Ecumenical Temple
  5479 | Temple   | Became a worshipper of Cheibriados the Contemplative
  5731 | D:5      | You fall through a shaft!
  5733 | D:6      | Noticed a black bear
  5745 | D:6      | Killed a black bear
  5745 | D:6      | Reached skill level 7 in Axes
  5745 | D:6      | Reached XP level 9. HP: 64/69 MP: 9/9
  5753 | D:6      | Found a burning altar of Makhleb.
  6254 | D:6      | Reached * piety under Cheibriados
  6426 | D:7      | Found Farul's Food Emporium.
  6490 | D:7      | Reached skill level 8 in Axes
  7415 | D:7      | Noticed a four-headed hydra
  7425 | D:7      | You fall through a shaft for 2 floors!
  7445 | D:9      | You fall through a shaft for 2 floors!
  7700 | D:11     | Found a staircase to the Orcish Mines.
  7709 | Orc:1    | Entered Level 1 of the Orcish Mines
  7709 | Orc:1    | Noticed a troll
  7713 | D:11     | Reached ** piety under Cheibriados
  7809 | D:11     | Found a huge runed gate.
  8064 | D:11     | Noticed Snorg
  8067 | D:11     | You fall through a shaft for 2 floors!
  8082 | D:13     | Reached XP level 10. HP: 69/79 MP: 10/10
  8101 | D:13     | You fall through a shaft for 2 floors!
  8101 | D:15     | Entered Level 15 of the Dungeon
  8101 | D:15     | Noticed a cyclops
  8104 | D:15     | Noticed a hill giant
  8106 | D:15     | Noticed a centaur warrior
  8110 | D:15     | HP: 3/79 [centaur warrior/arrow (14)]
  8111 | D:15     | Mangled by a cyclops

Action                   |  1- 3 |  4- 6 |  7- 9 | 10-12 || total
-------------------------+-------+-------+-------+-------++-------
Melee: War axe           |   142 |   173 |   344 |    16 ||   675
Throw: Tomahawk          |       |       |     3 |       ||     3
 Abil: Dig               |     3 |     4 |    13 |     1 ||    21
       Shaft Self        |       |     1 |     4 |     1 ||     6
  Use: Potion            |       |       |     1 |       ||     1
  Eat: Chunk             |     3 |     6 |     7 |       ||    16
       Beef jerky        |       |     1 |       |       ||     1
       Bread ration      |       |       |     1 |       ||     1
       Pizza             |       |       |     1 |       ||     1
       Fruit             |       |       |     2 |       ||     2
